 Dungeon Crawl Stone Soup version 0.24.1-8-ga250c9d538 (webtiles) character file.

Game seed: 15543918989071932099, levelgen mode: deterministic

140686 Lemonice the Scorcher (level 16, -16/141 HPs)
             Began as a Red Draconian Fire Elementalist on Apr 30, 2020.
             Was a High Priest of Vehumet.
             Demolished by a faun
             ... wielding a +0 quarterstaff
              (33 damage)
             ... on level 2 of the Shoals on May 2, 2020.
             The game lasted 02:24:31 (29891 turns).

Lemonice the Scorcher (DrFE)                       Turns: 29891, Time: 02:24:31

Health: -16/141    AC: 22    Str: 18    XL:     16   Next: 76%
Magic:  23/31      EV: 19    Int: 14    God:    Vehumet [*****.]
Gold:   1416       SH: 12    Dex: 14    Spells: 3/37 levels left

rFire    + + .     SeeInvis .   I - +12 Vampire's Tooth {vamp}
rCold    + . .     Gourm    .   M - +2 buckler {AC+3}
rNeg     + . .     Faith    .   (armour unavailable)
rPois    +         Spirit   .   (helmet restricted)
rElec    .         Reflect  +   B - +2 ratskin cloak {+Rats rPois rN+ Str-1 Int-1 Dex+1}
rCorr    .         Harm     .   N - +2 pair of gloves
MR       .....                  y - +3 pair of boots of the Constellations {rF+ MR- Slay+2}
Stlth    +.........             s - +5 amulet of reflection
HPRegen  0.33/turn              v - +4 ring of strength
MPRegen  0.22/turn              w - ring of protection from cold

@: slowed, glowing, very slow
A: breathe fire, unfitting armour, dopey 1, fire resistance 1, cold-blooded, AC
+9
a: Breathe Fire, Renounce Religion, Evoke Ratskin


You were on level 2 of the Shoals.
You worshipped Vehumet.
Vehumet was extremely pleased with you.
You were very hungry.

You visited 5 branches of the dungeon, and saw 26 of its levels.
You visited 1 bazaar.
You also visited: Bailey and Volcano.

You collected 3213 gold pieces.
You spent 1797 gold pieces at shops.

Inventory:

Hand Weapons
 I - the +12 Vampire's Tooth (weapon) {vamp}
   (You found it on level 9 of the Dungeon)

   It inflicts no extra harm, but heals its wielder when it wounds a living foe.
 X - the +8 glaive "Gestoren" {antimagic, rF+ Str+2 Dex+4}
   (You took it off an orc knight on level 15 of the Dungeon)

   It reduces the magical energy of the wielder, and disrupts the spells and
   magical abilities of those hit.
   Natural abilities and divine invocations are not affected.
   It affects your strength (+2).
   It affects your dexterity (+4).
   It protects you from fire.
Missiles
 R - 3 throwing nets (quivered)
Armour
 y - the +3 pair of boots of the Constellations (worn) {rF+ MR- Slay+2}
   (You bought it in a shop in a bazaar)

   It affects your accuracy and damage with ranged weapons and melee attacks
   (+2).
   It protects you from fire.
   It affects your resistance to hostile enchantments.
 B - the +2 ratskin cloak (worn) {+Rats rPois rN+ Str-1 Int-1 Dex+1}
   (You found it on level 11 of the Dungeon)

   It affects your strength (-1).
   It affects your intelligence (-1).
   It affects your dexterity (+1).
   It protects you from poison.
   It protects you from negative energy.
 M - a +2 buckler of protection (worn)
 N - a +2 pair of gloves (worn)
Magical Staves
 U - an uncursed staff of wizardry
Jewellery
 m - an uncursed ring of protection from magic {unknown}
 p - an uncursed ring of protection from fire
 s - a +5 amulet of reflection (around neck)
 v - a +4 ring of strength (left hand)
 w - a ring of protection from cold (right hand)
 P - an uncursed ring of resist corrosion
 S - an uncursed ring of fire
 W - an uncursed ring of flight
Wands
 o - a wand of polymorph (22)
 t - a wand of digging (9)
 u - a wand of acid (27)
 x - a wand of iceblast (16)
 G - a wand of paralysis (10)
 J - a wand of enslavement (6)
 Z - a wand of clouds (4)
Scrolls
 j - 2 scrolls of amnesia
 k - 3 scrolls of blinking
 l - a scroll of magic mapping
 n - 10 scrolls of remove curse
 q - 9 scrolls of enchant armour
 r - 4 scrolls of immolation
 A - 3 scrolls of teleportation
 C - 3 scrolls of fear
 D - a scroll of fog
 K - a scroll of silence
 O - 5 scrolls of enchant weapon
 Q - a scroll of summoning
 T - 3 scrolls of identify
Potions
 a - 10 potions of heal wounds
 c - a potion of cancellation
 d - 3 potions of mutation
 e - 22 potions of curing
 f - 3 potions of might
 g - 2 potions of flight
 h - 2 potions of berserk rage
 i - 6 potions of agility
 z - 2 potions of magic
 E - a potion of brilliance
 H - 5 potions of lignification
 V - 3 potions of resistance
 Y - a potion of haste
Miscellaneous
 L - a sack of spiders
Comestibles
 b - 11 rations
 F - 3 chunks of flesh


   Skills:
 + Level 12.5 Fighting
 - Level 8.4 Short Blades
 + Level 11.0 Dodging
 - Level 2.0 Stealth
 - Level 4.1 Shields
 - Level 0.6 Unarmed Combat
 + Level 11.2 Spellcasting
 + Level 11.7 Conjurations
 * Level 18.8 Fire Magic
 + Level 7.3 Evocations


You had 3 spell levels left.
You knew the following spells:

 Your Spells              Type           Power        Failure   Level  Hunger
a - Flame Tongue          Conj/Fire      #####        0%          1    None
b - Sticky Flame          Conj/Fire      ######..     1%          4    ###....
c - Fireball              Conj/Fire      ######....   1%          5    #####..
d - Bolt of Fire          Conj/Fire      ######....   1%          6    ######.
e - Stone Arrow           Conj/Erth      ###...       1%          3    None
f - Bolt of Magma         Conj/Fire/Erth #####.....   1%          5    #####..
g - Irradiate             Conj/Tmut      ###.......   6%          5    #####..
h - Venom Bolt            Conj/Pois      ###.......   6%          5    #####..

Your spell library contained the following spells:

 Spells                   Type           Power        Failure   Level  Hunger
 Conjure Ball Lightning   Conj/Air       ###.......   30%         6    ######.
 Throw Flame              Conj/Fire      ######       1%          2    None
 Conjure Flame            Conj/Fire      ######..     1%          3    None
 Inner Flame              Hex/Fire       ####....     1%          3    None
 Summon Butterflies       Summ           #.......     10%         1    None
 Call Canine Familiar     Summ           #.......     28%         3    None
 Recall                   Summ/Tloc      N/A          28%         3    None
 Iskenderun's Battlesphe  Conj/Chrm      ###.....     6%          5    #####..
 Orb of Destruction       Conj           #####.....   17%         7    #######
 Iron Shot                Conj/Erth      ###.......   30%         6    ######.
 Animate Dead             Necr           N/A          67%         4    ###....
 Summon Ice Beast         Ice/Summ       #.......     67%         4    ###....
 Spellforged Servitor     Conj/Summ      ###.......   83%         7    #######
 Borgnjor's Vile Clutch   Necr/Erth      #.........   95%         5    #####..
 Summon Mana Viper        Hex/Summ       #.......     95%         5    #####..
 Death Channel            Necr           #.........   100%        6    ######.
 Simulacrum               Ice/Necr       #.........   100%        6    ######.
 Summon Hydra             Summ           #.........   100%        7    #######


Dungeon Overview and Level Annotations

Branches:
Dungeon (15/15)            Temple (1/1) D:7            Lair (6/6) D:8
 Shoals (2/4) Lair:2       Spider (0/4) Lair:2        Slime (0/5) Lair:6
    Orc (2/2) D:9             Elf (0/3) Orc:2        Vaults (0/5) D:14
 Depths (0/5) D:15         Bailey (visited)         Volcano (visited)

Altars:
Ashenzari
Cheibriados
Dithmenos
Elyvilon
Fedhas
Gozag
Hepliaklqana
Kikubaaqudgha
Makhleb
Nemelex Xobeh
Okawaru
Qazlal
Ru
Sif Muna
Trog
Uskayaw
Vehumet
Wu Jian
Xom
Yredelemnul
Zin
The Shining One
Jiyva

Shops:
D:7 *   D:8 **:%}   D:10 [   D:15 :([   Orc:2 }?!*


Innate Abilities, Weirdness & Mutations

You can breathe blasts of fire.
Your fiery red scales are hard. (AC +9)
You cannot fit into any form of body armour.
Your flesh is heat resistant. (rF+)
You are cold-blooded and may be slowed by cold attacks.
You are dopey. (Int -2)


Message History

You are confused.
The faun casts a spell at you.
You feel yourself slow down.
The faun shoots a sling bullet.
The sling bullet hits you! The faun misses you.
There is a stone staircase leading up here.
Items here: ( )) † a cursed -2 hunting sling; a +0 quarterstaff; 30 sling bullets; a faun corpse
Okay, then.
You feel better.
The faun shoots a sling bullet.
The sling bullet barely misses you.
The faun unwields a +0 hunting sling.
The faun wields a +0 spear.
You block the faun's attack.
The alligator snapping turtle bites you from afar!!!
* * * LOW HITPOINT WARNING * * *
The satyr shoots an arrow.
The arrow hits you!
* * * LOW HITPOINT WARNING * * *
The faun shoots a sling bullet.
You reflect the sling bullet off an invisible shield around you!
The sling bullet hits the faun!!
The faun hits you with a +0 quarterstaff!!
You die...

.....≈≈..$.....
...≈.))...?#.
#.[))...... .
#.(# .. ##(#
...###.(##
......(t.#
.......c.##
≈≈≈.≈≈c@..#
≈≈≈≈≈≈(≈.......
≈≈≈≈≈≈≈c≈c.....
≈≈≈≈.≈≈≈c([##..
≈≈≈≈≈≈≈≈....# .
≈≈≈≈≈≈≈≈......
≈≈≈≈.≈≈≈≈...###
≈≈≈≈..≈≈≈≈...


You could see an alligator snapping turtle, a satyr and 4 fauns.

Vanquished Creatures
  Jorgrun (D:14)
  The ghost of MadAsgardian the Grappler, a journeyman TrMo of Makhleb (D:15)
  An orc warlord (Orc:1)
  2 ghouls (D:13)
  Aizul (Shoals:1)
  A red draconian (Volcano)
  Snorg (D:14)
  An ettin (D:15)
  A merfolk impaler (Shoals:2)
  Josephine (Orc:1)
  A fire dragon (Lair:6)
  12 hydras
  The ghost of Moituzeb the Bludgeoner, a journeyman GrFi of Trog (Orc:1)
  Fannar (D:12)
  Harold (Lair:1)
  A rakshasa (D:15)
  2 centaur warriors (D:15)
  3 catoblepae
  2 dancing weapons (D:14)
  An alligator snapping turtle (Shoals:1)
  15 two-headed ogres
  2 ogre magi (Orc:2)
  4 tengu warriors (D:15)
  The ghost of Waihalil the Thaumaturge, a novice DgFE (D:11)
  6 skeletal warriors (D:13)
  A salamander mystic (Volcano)
  3 unseen horrors
  3 deep trolls
  5 sea snakes
  A glowing orange brain (D:15)
  8 orc knights
  A wizard (D:14)
  3 lindwurms (Lair:6)
  A wolf spider zombie (D:15)
  2 fauns
  3 deep elf magi
  28 ugly things
  2 orc sorcerers (Orc:2)
  5 manticores
  6 salamanders (Volcano)
  5 cyclopes
  2 moths of wrath (D:15)
  5 elephants (Lair:2)
  Maurice (D:8)
  Joseph (D:7)
  A water nymph (Shoals:1)
  8 black mambas
  5 torpor snails (Lair:6)
  12 spiny frogs
  A gargoyle (D:10)
  An efreet (D:15)
  3 rime drakes (Lair:6)
  A komodo dragon (shapeshifter) (D:15)
  A kobold demonologist (D:12)
  8 komodo dragons
  A yaktaur (shapeshifter) (D:15)
  11 trolls
  3 meliai (D:15)
  2 jumping spiders (Lair:2)
  4 tyrant leeches (Lair:6)
  8 hornets
  7 merfolk
  Prince Ribbit (D:5)
  4 wind drakes (Shoals:1)
  A slime creature (shapeshifter) (D:15)
  14 hippogriffs
  2 spectral orcs
  5 polar bears
  14 slime creatures
  2 snapping turtles
  2 dream sheep (D:9)
  18 blink frogs
  8 redbacks (Lair:2)
  2 shadows
  2 vampires
  A human (D:8)
  4 water elementals
  7 wraiths
  37 yaks
  Grum (D:9)
  A hungry ghost (D:12)
  5 hogs
  2 basilisks
  2 wargs
  2 acid dragons (D:13)
  A porcupine (Lair:3)
  12 water moccasins
  3 ice beasts
  24 orc warriors
  5 black bears (D:9)
  4 phantoms
  3 sky beasts
  32 ogres
  27 wolves
  5 boggarts (D:14)
  8 centaurs
  A big kobold (shapeshifter) (D:15)
  3 big kobolds
  11 crocodiles
  A two-headed ogre simulacrum (Orc:1)
  24 bullfrogs
  3 scorpions
  8 killer bees
  3 electric eels
  6 crimson imps
  5 jellies
  6 howler monkeys
  5 centaur zombies
  10 hounds
  2 quasits
  14 orc priests
  A bullfrog skeleton (D:12)
  4 centaur skeletons
  Terence (D:3)
  4 iguanas
  21 orc wizards
  6 hell rats (Lair:3)
  16 worker ants
  A hound skeleton (D:4)
  2 hound zombies
  A worker ant zombie (D:8)
  10 adders
  4 gnolls (D:5)
  A shadow imp (D:10)
  3 orc simulacra (Orc:1)
  An ooze (D:2)
  An adder zombie (D:5)
  3 worms
  2 dart slugs
  7 leopard geckos
  96 orcs
  A ball python (D:2)
  6 bats
  10 giant cockroaches
  8 goblins
  11 hobgoblins
  18 jackals
  5 quokkas
  4 frilled lizards (D:1)
  34 kobolds
  A leopard gecko zombie (D:6)
  A quokka skeleton (D:6)
  13 rats
  5 plants
  A withered plant (D:13)
893 creatures vanquished.

Vanquished Creatures (others)
  A kobold (D:12)
  3 fungi (Lair:3)
  17 plants
21 creatures vanquished.

Grand Total: 914 creatures vanquished

Notes
Turn   | Place    | Note
-------+----------+-------------------------------------------
     0 | D:1      | Lemonice the Draconian Fire Elementalist began the quest
                  | for the Orb.
     0 | D:1      | Reached XP level 1. HP: 14/14 MP: 3/3
   427 | D:1      | Reached XP level 2. HP: 20/20 MP: 0/5
   864 | D:1      | Reached XP level 3. HP: 27/27 MP: 4/6
  1779 | D:2      | Reached XP level 4. HP: 34/34 MP: 3/7
  2054 | D:2      | Reached skill level 1 in Fighting
  2054 | D:2      | Reached skill level 4 in Fire Magic
  2413 | D:2      | Reached XP level 5. HP: 9/40 MP: 1/9
  3007 | D:3      | Found a burning altar of Makhleb.
  3257 | D:3      | Noticed Terence
  3266 | D:3      | Killed Terence
  3430 | D:3      | Reached XP level 6. HP: 48/48 MP: 6/10
  3883 | D:4      | Reached skill level 5 in Fire Magic
  3890 | D:4      | Learned a level 4 spell: Sticky Flame
  4046 | D:4      | Found a basalt altar of Yredelemnul.
  4064 | D:4      | Your scales start taking on a fiery red colour.
  4064 | D:4      | Reached skill level 6 in Fire Magic
  4064 | D:4      | Reached XP level 7. HP: 56/56 MP: 7/12
  4064 | D:4      | Gained mutation: Your flesh is heat resistant. (rF+) [Red
                  | Draconian growth]
  4167 | D:4      | Found an iron altar of Okawaru.
  4283 | D:4      | Found a shimmering altar of Xom.
  4721 | D:4      | Reached skill level 7 in Fire Magic
  4902 | D:5      | Entered Level 5 of the Dungeon
  4902 | D:5      | Found a shadowy altar of Dithmenos.
  5280 | D:5      | Found a radiant altar of Vehumet.
  5286 | D:5      | Became a worshipper of Vehumet
  5297 | D:5      | Noticed Prince Ribbit
  5313 | D:5      | Killed Prince Ribbit
  5313 | D:5      | Reached XP level 8. HP: 52/64 MP: 4/14
  5815 | D:5      | Reached skill level 8 in Fire Magic
  5893 | D:5      | Found a sacrificial altar of Ru.
  5897 | D:5      | Reached * piety under Vehumet
  5897 | D:5      | Offered knowledge of Magic Dart by Vehumet.
  6630 | D:7      | Found Xueluthu's Assorted Antiques.
  6872 | D:7      | Noticed Joseph
  6879 | D:7      | Killed Joseph
  6879 | D:7      | Reached skill level 9 in Fire Magic
  6879 | D:7      | Reached XP level 9. HP: 50/73 MP: 16/16
  6916 | D:7      | Reached skill level 5 in Fighting
  6916 | D:7      | Reached skill level 5 in Spellcasting
  7170 | D:7      | Reached skill level 5 in Conjurations
  7278 | D:7      | Found a staircase to the Ecumenical Temple.
  7282 | Temple   | Entered the Ecumenical Temple
  7546 | D:7      | Learned a level 5 spell: Fireball
  7882 | D:8      | Reached skill level 5 in Dodging
  7940 | D:8      | Found a staircase to the Lair.
  7940 | D:8      | Noticed a komodo dragon
  8179 | D:8      | Found Coudif's Assorted Antiques.
  8191 | D:8      | Bought a scroll labeled HATHRIEFYCLU for 17 gold pieces
  8191 | D:8      | Bought a scroll labeled UVOOCI PECKISE for 17 gold pieces
  8191 | D:8      | Bought a scroll labeled PYORYGROREGG for 17 gold pieces
  8191 | D:8      | Bought a scroll labeled WEPLUO XAJOPHE for 17 gold pieces
  8191 | D:8      | Bought an emerald potion for 15 gold pieces
  8231 | D:8      | Reached skill level 10 in Fire Magic
  8321 | D:8      | Found Zangeolo's General Store.
  8326 | D:8      | Bought a scroll of random uselessness for 14 gold pieces
  8326 | D:8      | Bought a scroll of identify for 28 gold pieces
  8326 | D:8      | Bought a scroll of identify for 28 gold pieces
  8326 | D:8      | Bought a scroll of identify for 28 gold pieces
  8447 | D:8      | Found Nauthuam's Food Emporium.
  8612 | D:8      | Reached ** piety under Vehumet
  8773 | D:8      | Offered knowledge of Sandblast by Vehumet.
  8779 | D:8      | Found Qeetu's Gadget Emporium.
  8781 | D:8      | Noticed Maurice
  8782 | D:8      | Found Bumaj's Book Boutique.
  8793 | D:8      | Killed Maurice
  8793 | D:8      | Reached XP level 10. HP: 83/83 MP: 10/18
  9004 | D:8      | Reached skill level 11 in Fire Magic
  9100 | D:9      | Noticed a cyclops
  9139 | D:9      | Found a staircase to the Orcish Mines.
  9139 | D:9      | Noticed Grum
  9283 | D:9      | Killed Grum
  9510 | D:9      | Found a huge runed translucent gate.
  9512 | D:9      | Found a huge runed translucent gate.
  9578 | D:9      | Killed a cyclops
  9580 | D:9      | Offered knowledge of Searing Ray by Vehumet.
  9584 | D:9      | Learned a level 2 spell: Searing Ray
  9640 | D:9      | Reached skill level 12 in Fire Magic
  9814 | D:9      | Reached *** piety under Vehumet
  9815 | D:9      | Reached XP level 11. HP: 86/92 MP: 19/21
  9935 | D:9      | Found a snail-covered altar of Cheibriados.
 10056 | D:9      | Found a huge runed translucent gate.
 10056 | D:9      | Found a huge runed translucent gate.
 10076 | D:9      | Found the +12 Vampire's Tooth {vamp}
 10125 | D:9      | Reached skill level 1 in Short Blades
 10153 | D:9      | Offered knowledge of Stone Arrow by Vehumet.
 10294 | D:9      | Learned a level 3 spell: Stone Arrow
 10303 | D:9      | Learned a level 5 spell: Bolt of Magma
 10333 | D:9      | Found a hide-covered altar of Uskayaw.
 10404 | D:10     | Entered Level 10 of the Dungeon
 10603 | D:10     | Found Fipsoimu's Armour Boutique.
 10617 | D:10     | Reached **** piety under Vehumet
 10829 | D:10     | Offered knowledge of Airstrike by Vehumet.
 11106 | D:10     | Bought a +1 cloak of poison resistance for 229 gold pieces
 11293 | D:11     | Noticed Waihalil's ghost (novice DgFE)
 11315 | D:11     | Reached skill level 13 in Fire Magic
 11431 | D:11     | Noticed a red ugly thing
 11453 | D:11     | Killed a red ugly thing
 11544 | D:11     | Found a runed translucent door.
 11549 | D:11     | Found the +2 ratskin cloak {+Rats rPois rN+ Str-1 Int-1
                  | Dex+1}
 11650 | D:11     | Killed Waihalil's ghost
 11650 | D:11     | Reached XP level 12. HP: 89/103 MP: 15/23
 11868 | D:11     | Noticed a two-headed ogre
 11880 | D:11     | Killed a two-headed ogre
 11880 | D:11     | Reached skill level 5 in Short Blades
 11882 | D:11     | Found a glowing golden altar of the Shining One.
 12120 | D:12     | Found a flagged portal.
 12152 | Bailey   | Entered a bailey
 12159 | Bailey   | Reached ***** piety under Vehumet
 12221 | Bailey   | Offered knowledge of Poison Arrow by Vehumet.
 12965 | D:12     | Noticed Fannar
 12973 | D:12     | Killed Fannar
 12973 | D:12     | Reached skill level 14 in Fire Magic
 13326 | D:12     | Found an ornate altar of the Wu Jian Council.
 13951 | Orc:1    | Entered Level 1 of the Orcish Mines
 14341 | Orc:2    | Entered Level 2 of the Orcish Mines
 14341 | Orc:2    | Found a staircase to the Elven Halls.
 14523 | Orc:2    | Noticed a two-headed ogre
 14646 | Orc:2    | Noticed a two-headed ogre
 14646 | Orc:2    | Noticed a two-headed ogre
 14646 | Orc:2    | Noticed a two-headed ogre
 14665 | Orc:1    | Killed a two-headed ogre
 14678 | Orc:2    | Noticed a two-headed ogre
 14704 | Orc:1    | Reached XP level 13. HP: 61/111 MP: 25/25
 15393 | Orc:2    | Offered knowledge of Irradiate by Vehumet.
 15400 | Orc:2    | Learned a level 5 spell: Irradiate
 15410 | Orc:2    | Noticed an orc warlord
 15440 | Orc:1    | Killed an orc warlord
 15440 | Orc:1    | Reached skill level 15 in Fire Magic
 15741 | Orc:2    | Found Myesugimm's Distillery.
 15753 | Orc:2    | Found Atip's Gadget Boutique.
 15759 | Orc:2    | Bought a potion of heal wounds for 50 gold pieces
 15759 | Orc:2    | Bought a potion of heal wounds for 50 gold pieces
 15761 | Orc:2    | Found Bigenarr's General Store.
 15762 | Orc:2    | Found Wagatamn's Magic Scroll Shoppe.
 15770 | Orc:2    | Bought a scroll of identify for 34 gold pieces
 15770 | Orc:2    | Bought a scroll of identify for 34 gold pieces
 15775 | Orc:2    | Bought a scroll of identify for 36 gold pieces
 15775 | Orc:2    | Bought a scroll of identify for 36 gold pieces
 15775 | Orc:2    | Bought a scroll of identify for 36 gold pieces
 15775 | Orc:2    | Bought a scroll of fear for 63 gold pieces
 15775 | Orc:2    | Bought a scroll of identify for 36 gold pieces
 15775 | Orc:2    | Bought a scroll of identify for 36 gold pieces
 16406 | Orc:1    | Found a runed translucent gate.
 16406 | Orc:1    | Found a runed translucent gate.
 16406 | Orc:1    | Found a runed translucent gate.
 16406 | Orc:1    | Noticed Moituzeb's ghost (journeyman GrFi)
 16569 | Orc:1    | Reached skill level 10 in Fighting
 16860 | Orc:1    | Noticed Josephine
 16872 | Orc:1    | Killed Josephine
 16908 | Orc:1    | Offered knowledge of Freezing Cloud by Vehumet.
 17219 | Lair:1   | Entered Level 1 of the Lair of Beasts
 17775 | Lair:1   | Noticed Harold
 17801 | Lair:1   | Killed Harold
 17947 | Lair:1   | Reached XP level 14. HP: 121/121 MP: 27/27
 18141 | Lair:2   | Reached skill level 1 in Evocations
 18484 | Lair:2   | Reached skill level 16 in Fire Magic
 18821 | Lair:2   | Found a hole to the Spider Nest.
 18926 | Lair:2   | Found a staircase to the Shoals.
 19385 | Lair:3   | Offered knowledge of Ozocubu's Refrigeration by Vehumet.
 19658 | Lair:3   | Reached skill level 10 in Conjurations
 20587 | Lair:4   | Found a dark tunnel.
 20600 | Volcano  | Entered a volcano
 20652 | Volcano  | Learned a level 5 spell: Venom Bolt
 20652 | Volcano  | Found a bloodstained altar of Trog.
 22151 | Lair:6   | Entered Level 6 of the Lair of Beasts
 22385 | Lair:6   | Found a staircase to the Slime Pits.
 22387 | Lair:6   | Found a viscous altar of Jiyva.
 22602 | Lair:6   | Reached skill level 10 in Spellcasting
 22602 | Lair:6   | Reached XP level 15. HP: 112/129 MP: 27/29
 22720 | Lair:6   | Reached skill level 17 in Fire Magic
 22944 | Lair:6   | Found a runed translucent door.
 23021 | Lair:6   | Reached skill level 10 in Dodging
 23466 | Lair:6   | Reached skill level 5 in Evocations
 23588 | Lair:6   | Offered knowledge of Bolt of Fire by Vehumet.
 23597 | Lair:6   | Learned a level 6 spell: Bolt of Fire
 25796 | D:14     | Reached ****** piety under Vehumet
 26067 | D:14     | Found a gate to the Vaults.
 26164 | D:14     | Noticed Jorgrun
 26190 | D:14     | Killed Jorgrun
 26190 | D:14     | Reached skill level 18 in Fire Magic
 26244 | D:14     | Offered knowledge of Bolt of Cold by Vehumet.
 26471 | D:14     | Noticed Snorg
 26476 | D:14     | Reached XP level 16. HP: 139/139 MP: 7/30
 26476 | D:14     | Killed Snorg
 26548 | D:15     | Entered Level 15 of the Dungeon
 26581 | D:15     | Found Ikogaxedd's Weapon Boutique.
 26585 | D:15     | Found an opulent altar of Gozag.
 26622 | D:15     | Gained mutation: You are dopey. (Int -2) [a neqoxec]
 26916 | D:15     | Found a gateway to a bazaar.
 26946 | Bazaar   | Entered a bazaar
 26960 | Bazaar   | Found Qoqaedgh's Jewellery Emporium.
 26960 | Bazaar   | Found Rutsitou's Armour Shoppe.
 26983 | Bazaar   | Found Bivoury's General Store.
 26983 | Bazaar   | Found Dahudec's Assorted Antiques.
 27005 | Bazaar   | Found Wiaxt's Magic Scroll Emporium.
 27005 | Bazaar   | Found Gogih's Gadget Shoppe.
 27016 | Bazaar   | Bought a scroll of magic mapping for 52 gold pieces
 27050 | Bazaar   | Found Kicol's Gadget Shoppe.
 27124 | Bazaar   | Bought a pair of scorched boots for 361 gold pieces
 27138 | Bazaar   | Bought a +2 buckler of protection for 193 gold pieces
 27144 | Bazaar   | Bought an uncursed ring of resist corrosion for 260 gold
                  | pieces
 27150 | Bazaar   | Identified the +3 pair of boots of the Constellations {rF+
                  | MR- Slay+2} (You bought it in a shop in a bazaar)
 27179 | Bazaar   | Bought a potion of resistance for 110 gold pieces
 27252 | D:15     | Noticed MadAsgardian's ghost (journeyman TrMo)
 27258 | D:15     | Reached skill level 1 in Shields
 27523 | D:15     | Found Apes's Antique Armour Shop.
 27815 | D:15     | Found Robept's Book Boutique.
 27929 | D:15     | Found a bloodstained altar of Trog.
 27935 | D:15     | Identified the +8 glaive "Gestoren" {antimagic, rF+ Str+2
                  | Dex+4}
 27937 | D:15     | Identified the cursed +1 giant club of Afeatu {crush,
                  | Fragile Str+7}
 27937 | D:15     | Identified the +9 dire flail of Weichoxt {holy, Str+2
                  | Stlth+}
 27942 | D:15     | Found a transporter.
 27956 | D:15     | Found a transporter.
 28123 | D:15     | Found a staircase to the Depths.
 28417 | D:15     | Offered knowledge of Conjure Ball Lightning by Vehumet.
 28743 | D:15     | Killed MadAsgardian's ghost
 29017 | Orc:1    | Killed Moituzeb's ghost
 29190 | Shoals:1 | Entered Level 1 of the Shoals
 29760 | Shoals:1 | Noticed Aizul
 29772 | Shoals:1 | Killed Aizul
 29891 | Shoals:2 | Demolished by a faun

Levels and vault maps discovered:
D:1:      psy_arrival_conway, layout_loops_ring, minmay_bisected
D:2:      layout_basic
D:3:      layout_basic, makhleb_heckhound_becter, uniq_terence
D:4:      kennysheep_kobold_camp, layout_basic, lemuel_round_altar,
          marbit_many_paths, lemuel_crystal_altar, first_ration
D:5:      layout_cave_pools, overflow_temple_1_default, grunt_dithmenos_smoke,
          nicolae_ru_awakened_eye, uniq_prince_ribbit1
D:6:      layout_cave_pools
D:7:      layout_basic, temple_statues, serial_shops,
          nicolae_shop_overgrown_old_shop, minmay_a_box_with_orc_wizards_in_it,
          uniq_joseph
D:8:      layout_basic, david_lair_shrubbed, serial_shops,
          nicolae_shop_statue_plus, nicolae_shop_overgrown_old_shop, shop,
          nicolae_shop_trees, nicolae_shop_crystal, minmay_misc_feat_cross,
          grunt_livestock, uniq_maurice
D:9:      lemuel_bear_cage, layout_rooms, cheibrodos_worm_habitat,
          kennysheep_mini, uniq_grum
D:10:     layout_irregular_city, serial_shops, shop_statue
D:11:     layout_rooms, hellmonk_ghost_happy_afterlife,
          hangedman_abyss_or_decor_lesser_grid, nicolae_tso_swordbearing_angel
D:12:     layout_roguey, basic_altar, enter_bailey_6, uniq_fannar
D:13:     layout_loops_ring, serial_undead, serial_undead_c, serial_undead_f,
          serial_undead_f, serial_undead_e
D:14:     layout_rooms, erik_vaults_1, serial_bayou_lagoon_a, uniq_jorgrun,
          uniq_snorg
D:15:     gammafunk_enter_depths_forms, layout_long_grid,
          gammafunk_ghost_wrathful_warriors, serial_shops, bzr_in_the_mist,
          nicolae_shop_waterfront, nicolae_shop_stone, shop,
          nicolae_gozag_seed_capital
Temple:   nicolae_temple_figure_eight
Lair:1:   layout_gridlike, uniq_harold
Lair:2:   layout_regular_city, minmay_shoals_entry_hut,
          nicolae_spider_entry_tight_spaces, minivault_23
Lair:3:   layout_chaotic_city
Lair:4:   layout_long_grid, nicolae_volcano_entry_hallway, serial_bayou_shore_a,
          grunt_megastairs_1
Lair:5:   layout_regular_city, st_stairs_3, grunt_megastairs_2,
          infiniplex_staircase_pool
Lair:6:   wormcave, layout_cave_pods, hangedman_lair_in_review, slime_altar_1
Shoals:1: layout_shoals, uniq_aizul
Shoals:2: layout_shoals, nicolae_shoals_aquamancer_cove
Orc:1:    cheibrodos_orc_arena, layout_diamond_mine, gammafunk_ghost_necromancy,
          uniq_josephine
Orc:2:    st_orc_open, layout_caves

Skill      XL: |  1  2  3  4  5  6  7  8  9 10 11 12 13 14 15 16 |
---------------+-------------------------------------------------+-----
Dodging        | 2 3 4 5 6 7 8 9 10 11 | 11.0
Stealth        | 2 |  2.0
Fighting       | 1 2 3 4 6 7 8 9 10 11 12 | 12.5
Fire Magic     | 4 6 7 9 10 12 13 14 15 16 18 | 18.8
Conjurations   | 2 3 4 5 6 7 8 9 10 11 | 11.7
Spellcasting   | 3 4 5 6 7 8 9 10 11 | 11.2
Short Blades   | 4 7 8 |  8.4
Evocations     | 4 6 7 |  7.3
Shields        | 4 |  4.1
Unarmed Combat | |  0.6

Action                   |  1- 3 |  4- 6 |  7- 9 | 10-12 | 13-15 | 16-18 || total
-------------------------+-------+-------+-------+-------+-------+-------++-------
Melee: Unarmed           |    78 |    15 |       |       |       |       ||    93
       Tailslap          |     8 |     1 |    14 |    75 |   259 |    86 ||   443
       Trident           |       |    11 |   171 |    51 |       |       ||   233
       Dagger            |       |     3 |       |       |       |       ||     3
       Quick blade       |       |       |       |   419 |  1596 |   444 ||  2459
       Punch             |       |       |       |     1 |     3 |       ||     4
Throw: Javelin           |       |       |     7 |       |       |       ||     7
 Cast: Flame Tongue      |    63 |   123 |    83 |    18 |     7 |     2 ||   296
       Sticky Flame      |       |       |    56 |    94 |    90 |    20 ||   260
       Fireball          |       |       |       |    50 |    89 |    15 ||   154
       Searing Ray       |       |       |       |     1 |       |       ||     1
       Venom Bolt        |       |       |       |       |     8 |     1 ||     9
       Bolt of Magma     |       |       |       |       |     7 |       ||     7
       Bolt of Fire      |       |       |       |       |    24 |    27 ||    51
       Irradiate         |       |       |       |       |       |    10 ||    10
 Abil: Breathe Fire      |       |       |    23 |    39 |    41 |     8 ||   111
       Evoke Ratskin     |       |       |       |       |     1 |       ||     1
Evoke: Wand              |       |       |       |     5 |     2 |       ||     7
  Use: Scroll            |       |     6 |     4 |     6 |    14 |     2 ||    32
       Potion            |       |       |       |       |     7 |     6 ||    13
 Stab: Sleeping          |     1 |       |     1 |     2 |     5 |       ||     9
       Distracted        |       |       |       |     2 |       |       ||     2
       Petrified         |       |       |       |       |     3 |       ||     3
  Eat: Chunk             |     3 |     8 |    19 |    32 |    62 |    15 ||   139
       Ration            |       |       |     3 |     7 |     8 |     5 ||    23
Armor: Skin              |    34 |    23 |    84 |   114 |   197 |    60 ||   512
Dodge: Dodged            |    77 |    38 |   162 |   272 |   720 |   142 ||  1411
Block: Other             |       |       |    46 |    95 |   184 |    15 ||   340
       Reflection        |       |       |     2 |     4 |     5 |    11 ||    22
       Buckler           |       |       |       |       |       |    87 ||    87
